 Dungeon Crawl Stone Soup version 0.23-a0-536-g5e0f5a2 (webtiles) character file.

33072 emperorscorpion the Spear-Bearer (level 13, -7/116 HPs)
             Began as a Centaur Berserker on Dec 6, 2018.
             Was a High Priest of Trog.
             Mangled by a juggernaut simulacrum (44 damage)
             ... on level 14 of the Dungeon.
             The game lasted 00:30:46 (16356 turns).

emperorscorpion the Spear-Bearer (CeBe)            Turns: 16356, Time: 00:30:47

Health: -7/116     AC: 22    Str: 31    XL:     13   Next: 34%
Magic:  13/13      EV:  9    Int:  7    God:    Trog [*****.]
Gold:   595        SH:  0    Dex:  7    Spells: 12/12 levels left

rFire    . . .     SeeInvis .   b - +2 glaive of Spring {elec, +Rage rElec rN+}
rCold    . . .     Gourm    .   (shield currently unavailable)
rNeg     + . .     Faith    .   C - +2 chain mail of Resonance {Str+5 Dex-3}
rPois    .         Spirit   .   O - +0 helmet (curse)
rElec    +         Reflect  .   l - +1 cloak
rCorr    .         Harm     .   w - +0 pair of gloves
MR       .....                  F - +0 centaur barding
Stlth    ..........             (no amulet)
HPRegen  0.29/turn              Z - +3 ring of evasion
MPRegen  0.13/turn              z - ring "Ejualy Neelu" {*Slow Str+3 Slay+5 Stlth+}

@: slowed
A: large, hooves 3, deformed body, speed 2, tough skin 3
a: Berserk, Trog's Hand, Brothers in Arms, Renounce Religion, Evoke Berserk Rage


You were on level 14 of the Dungeon.
You worshipped Trog.
Trog was extremely pleased with you.
You were not hungry.

You visited 1 branch of the dungeon, and saw 15 of its levels.

You collected 870 gold pieces.
You spent 275 gold pieces at shops.

Inventory:

Hand Weapons
 a - a +2 longbow of flaming
 b - the +2 glaive of Spring (weapon) {elec, +Rage rElec rN+}
   (You acquired it on level 14 of the Dungeon)

   Occasionally, upon striking a foe, it will discharge some electrical energy
   and cause terrible harm.
   It insulates you from electricity.
   It protects you from negative energy.
   It lets you go berserk.
 n - a +3 trident of freezing
 P - a +2 bardiche of flaming
Missiles
 N - 158 arrows
Armour
 g - a +0 scale mail
 l - a +1 cloak (worn)
 r - a +0 animal skin
 w - a +0 pair of gloves (worn)
 y - a +0 helmet
 A - a +0 chain mail
 C - the +2 chain mail of Resonance (worn) {Str+5 Dex-3}
   (You bought it in a shop on level 5 of the Dungeon)

   It affects your strength (+5).
   It affects your dexterity (-3).
 F - a +0 centaur barding (worn)
 K - a +2 hat
 O - a cursed +0 helmet (worn)
Magical Staves
 V - an uncursed staff of fire {unknown}
Jewellery
 p - an uncursed ring of protection from fire
 s - an uncursed ring of protection from cold
 z - the ring "Ejualy Neelu" (right hand) {*Slow Str+3 Slay+5 Stlth+}
   (You found it on level 5 of the Dungeon)

   [ring of stealth]

   It affects your strength (+3).
   It affects your accuracy and damage with ranged weapons and melee attacks
   (+5).
   It may slow you when you take damage.
   It makes you more stealthy.
 Z - a +3 ring of evasion (left hand)
Wands
 B - a wand of polymorph (22)
 G - a wand of flame (57)
 U - a wand of enslavement (7)
 Y - a wand of paralysis (11)
Scrolls
 f - 4 scrolls of teleportation
 j - 2 scrolls of fog
 v - 9 scrolls of identify
 D - 7 scrolls of remove curse
 I - 3 scrolls of magic mapping
 J - a scroll of fear
 R - a scroll of enchant armour
 S - a scroll of enchant weapon
Potions
 d - 2 potions of invisibility
 e - a potion of flight {unknown}
 h - 4 potions of degeneration
 k - 2 potions of agility
 m - 3 potions of curing
 o - 2 potions of ambrosia {unknown}
 q - 3 potions of cancellation {unknown}
 t - 3 potions of brilliance {unknown}
 x - 4 potions of lignification {unknown}
 E - 4 potions of might {unknown}
 H - 3 potions of haste {unknown}
 L - 2 potions of magic {unknown}
Miscellaneous
 i - a fan of gales
 T - a phial of floods (inert)
 X - a lightning rod (4/4)
Comestibles
 c - 16 rations


   Skills:
 + Level 11.4 Fighting
 + Level 14.5 Polearms
 + Level 1.6 Bows
 + Level 8.6 Armour
 + Level 3.7 Dodging
 + Level 1.7 Stealth
 + Level 0.8 Evocations


You had 12 spell levels left.
You didn't know any spells.
Your spell library was empty.

Dungeon Overview and Level Annotations

Branches:
Dungeon (15/15)            Temple (0/1) D:5            Lair (0/6) D:11
    Orc (0/2) D:9          Vaults (0/5) D:13
 Depths: D:15

Altars:
Gozag
Makhleb
Ru
Trog

Shops:
D:5 [   D:14 *


Innate Abilities, Weirdness & Mutations

You have hooves in place of feet.
Armour fits poorly on your strangely shaped body.
You cover ground very quickly.
You have extremely tough skin. (AC +3)


Message History

Your kick misses the skeletal warrior.
The skeletal warrior is almost destroyed.
The skeletal warrior hits you with a +0 dire flail.
You hit the skeletal warrior. Your kick misses the skeletal warrior.
The skeletal warrior is almost destroyed.
The skeletal warrior hits you with a +0 dire flail!
You barely miss the skeletal warrior. Your kick misses the skeletal warrior.
The skeletal warrior is almost destroyed.
The skeletal warrior barely misses you.
Your chain mail of Resonance prevents you from hitting the skeletal warrior.
The skeletal warrior is almost destroyed.
Something hits you. Something drains your vigour!
You feel yourself slow down.
Unknown command.
You hit the skeletal warrior. You kick the skeletal warrior.
You destroy the skeletal warrior!
Trog accepts your kill. Something hits you!
Something hits you but does no damage. The juggernaut simulacrum hits you!!
The juggernaut simulacrum freezes you!!!
You die...

#.##.#...........#.#### #.#
#.##.#...........#...:####.#
#.##.#..###.###..#.........#
#.##.#..#8#.#8#.$#.##.##.####
#....#..........[#..#.##....#
#...§#...ZZ©.....#©...##.##.#
#.#..#....{....Z.#=...##..♣.#
##.##.#ZZ#8#.#8#Z[#.##.##♣.∩.♣
...##.#..###.###@.#.##....#♣##
#####.#...........#.####..#
####.#©..........#.####..#
#....#############.......#
#.##...............####.##
#.###.#######.###### #.# #.#
#.# #.# #.# #.# #.#
##.#########.# ##.# #.#
##)>.#........#


You could see a juggernaut simulacrum and an ettin zombie.

Vanquished Creatures
  Frances (D:14)
  Nessos (D:14)
  The ghost of RexLacerta the Thaumaturge, a journeyman GnWr of Cheibriados (D:14)
  A vault guard (D:13)
  3 two-headed ogres
  A skeletal warrior (D:14)
  An orc knight (D:14)
  2 deep elf magi (D:12)
  A necromancer (D:14)
  2 cyclopes
  2 ugly things (D:12)
  A manticore (D:11)
  A spectral fire dragon (D:14)
  4 centaur zombies
  Maurice (D:8)
  Joseph (D:7)
  Psyche (D:9)
  2 centaur skeletons
  A kobold demonologist (D:12)
  3 meliai (D:11)
  2 tengu conjurers (D:14)
  3 trolls
  9 slime creatures
  A hornet (D:13)
  An ice dragon zombie (D:14)
  6 hippogriffs
  A wraith (D:14)
  A spriggan (D:8)
  A shadow (D:14)
  26 yaks
  2 basilisks
  13 vampire mosquitoes
  4 hungry ghosts
  A steam dragon (D:7)
  An acid dragon (D:12)
  A water moccasin (D:8)
  6 orc warriors
  3 ice beasts
  2 sky beasts (D:10)
  2 hornet zombies
  2 eyes of draining (D:14)
  3 phantoms
  8 ogres
  7 centaurs
  A necrophage (D:12)
  A crocodile (D:13)
  4 big kobolds
  10 bullfrogs
  4 wyvern zombies
  3 wyvern skeletons
  A scorpion (D:9)
  7 wights
  6 howler monkeys
  11 crimson imps
  A bullfrog zombie (D:10)
  15 hounds
  7 jellies
  12 orc priests
  16 orc wizards
  2 bullfrog skeletons
  Natasha (thrice) (D:2)
  18 worker ants
  4 iguanas
  A hound zombie (D:5)
  2 hound skeletons (D:5)
  A worker ant zombie (D:7)
  15 gnolls
  17 adders
  3 shadow imps
  An ooze (D:2)
  An adder skeleton (D:4)
  5 worms
  A dart slug (D:1)
  4 leopard geckos
  46 orcs
  7 giant cockroaches
  5 goblins
  8 hobgoblins
  2 jackals (D:7)
  3 quokkas
  3 ball pythons
  8 bats
  6 frilled lizards
  29 kobolds
  A quokka skeleton (D:10)
  A quokka zombie (D:9)
  11 rats
444 creatures vanquished.

Notes
Turn   | Place    | Note
-------+----------+-------------------------------------------
     0 | D:1      | emperorscorpion the Centaur Berserker began the quest for
                  | the Orb.
     0 | D:1      | Reached XP level 1. HP: 19/19 MP: 1/1
   305 | D:1      | Reached XP level 2. HP: 26/26 MP: 2/2
   320 | D:1      | Reached skill level 3 in Polearms
   999 | D:2      | Reached XP level 3. HP: 31/31 MP: 3/3
  1110 | D:2      | Reached ** piety under Trog
  1276 | D:2      | Noticed Natasha
  1279 | D:2      | Killed Natasha
  1279 | D:2      | Reached XP level 4. HP: 40/40 MP: 4/4
  1598 | D:2      | Noticed Natasha
  1607 | D:2      | Killed Natasha
  1974 | D:2      | Noticed Natasha
  1982 | D:2      | Killed Natasha
  1982 | D:2      | Reached XP level 5. HP: 46/46 MP: 5/5
  2089 | D:3      | Reached skill level 4 in Polearms
  2638 | D:3      | Reached *** piety under Trog
  3158 | D:4      | Reached XP level 6. HP: 17/52 MP: 6/6
  3811 | D:4      | Reached skill level 5 in Polearms
  3820 | D:4      | Reached XP level 7. HP: 20/60 MP: 7/7
  4513 | D:5      | Entered Level 5 of the Dungeon
  4523 | D:5      | Found a staircase to the Ecumenical Temple.
  4531 | D:5      | Found Jascheh's Antique Armour Boutique.
  5153 | D:5      | Reached skill level 6 in Polearms
  5339 | D:5      | Reached **** piety under Trog
  5457 | D:5      | Reached XP level 8. HP: 54/67 MP: 8/8
  5461 | D:5      | Reached skill level 5 in Fighting
  5635 | D:5      | Got a sparkling bone ring
  5683 | D:5      | Identified the ring "Ejualy Neelu" {*Slow Str+3 Slay+5
                  | Stlth+} (You found it on level 5 of the Dungeon)
  5825 | D:6      | Reached skill level 7 in Polearms
  6192 | D:6      | Reached skill level 8 in Polearms
  6413 | D:7      | Noticed Joseph
  6655 | D:7      | Killed Joseph
  6655 | D:7      | Reached XP level 9. HP: 75/75 MP: 9/9
  6863 | D:7      | Reached skill level 9 in Polearms
  7056 | D:7      | Reached ***** piety under Trog
  7541 | D:5      | Bought a warped chain mail for 275 gold pieces
  7555 | D:5      | Identified the +2 chain mail of Resonance {Str+5 Dex-3}
                  | (You bought it in a shop on level 5 of the Dungeon)
  7987 | D:8      | Found a burning altar of Makhleb.
  8132 | D:8      | Reached skill level 5 in Armour
  8700 | D:8      | Noticed Maurice
  8707 | D:8      | Killed Maurice
  8707 | D:8      | Reached skill level 10 in Polearms
  8707 | D:8      | Reached XP level 10. HP: 84/84 MP: 10/10
  9173 | D:9      | Reached skill level 1 in Stealth
  9217 | D:9      | Found an opulent altar of Gozag.
  9385 | D:9      | You fall through a shaft!
  9385 | D:10     | Entered Level 10 of the Dungeon
  9600 | D:9      | Noticed Psyche
  9613 | D:9      | Killed Psyche
  9625 | D:9      | Received a gift from Trog
  9759 | D:9      | Reached skill level 11 in Polearms
  9946 | D:9      | Found a staircase to the Orcish Mines.
 10191 | D:10     | Reached XP level 11. HP: 95/95 MP: 11/11
 10714 | D:10     | Found a sacrificial altar of Ru.
 11339 | D:11     | Found a staircase to the Lair.
 11369 | D:11     | Reached skill level 12 in Polearms
 11927 | D:12     | Noticed a deep elf mage
 11935 | D:12     | Killed a deep elf mage
 12057 | D:12     | Noticed a deep elf mage
 12064 | D:12     | Killed a deep elf mage
 12168 | D:12     | Noticed a red ugly thing
 12179 | D:12     | Reached XP level 12. HP: 99/106 MP: 12/12
 12198 | D:12     | Reached skill level 10 in Fighting
 12203 | D:12     | Reached ****** piety under Trog
 12204 | D:12     | Reached skill level 13 in Polearms
 13139 | D:12     | Identified a scroll of acquirement
 13263 | D:13     | Received a gift from Trog
 13528 | D:13     | Noticed a two-headed ogre
 13534 | D:13     | Killed a two-headed ogre
 13692 | D:13     | Found a bloodstained altar of Trog.
 13972 | D:13     | Noticed a two-headed ogre
 13975 | D:13     | Noticed a vault guard
 13982 | D:13     | Killed a two-headed ogre
 13991 | D:13     | Killed a vault guard
 14096 | D:13     | Found a gate to the Vaults.
 14411 | D:14     | Received a gift from Trog
 14490 | D:14     | Found Basir's Assorted Antiques.
 14529 | D:14     | Noticed RexLacerta's ghost (journeyman GnWr)
 14584 | D:14     | Reached skill level 14 in Polearms
 14769 | D:14     | Found a transporter.
 14781 | D:14     | Found a transporter.
 14822 | D:14     | Got a slimy glaive
 14823 | D:14     | Identified the +2 glaive of Spring {elec, +Rage rElec rN+}
                  | (You acquired it on level 14 of the Dungeon)
 15073 | D:14     | Noticed a two-headed ogre
 15080 | D:14     | Killed a two-headed ogre
 15080 | D:14     | Reached XP level 13. HP: 90/116 MP: 13/13
 15193 | D:14     | Upgraded the game from 0.23-a0-519-ga799fc4 to
                  | 0.23-a0-536-g5e0f5a2
 15309 | D:14     | Noticed Nessos
 15330 | D:15     | Entered Level 15 of the Dungeon
 15693 | D:14     | Killed Nessos
 15855 | D:14     | Noticed Frances
 15866 | D:14     | Killed Frances
 16162 | D:14     | Reached skill level 1 in Bows
 16241 | D:14     | Killed RexLacerta's ghost
 16356 | D:14     | Mangled by a juggernaut simulacrum

Vault maps used:
D:1:      saegor_arrival_miasma, serial_park_tiny_pond
D:2:      uniq_natasha
D:3:      serial_aquarium, aquarium_bridge_square, aquarium_bridge_square,
          aquarium_window_1, aquarium_window_1, aquarium_view_2c,
          aquarium_pool_2, wad_orctagon
D:5:      minmay_bubble_buster, minmay_temple_entry_drinking_statues,
          serial_shops, nicolae_shop_overgrown_old_shop, first_ration
D:7:      uniq_joseph
D:8:      lightli_temple_of_fire, the_bakery, uniq_maurice
D:9:      orc_0_dummy, st_stairs_13, grunt_gozag_breadcrumbs, uniq_psyche
D:10:     basic_altar
D:11:     lair_entry_dummy
D:12:     minmay_diced_spiral
D:13:     david_vaults_5, basic_altar, hangedman_abyss_or_decor_stagger
D:14:     serial_shops, nicolae_shop_trees, gammafunk_ghost_mausoleum,
          hangedman_decor_growths, uniq_nessos, uniq_frances
D:15:     hangedman_slaughterboxes

Skill      XL: |  1  2  3  4  5  6  7  8  9 10 11 12 13 |
---------------+----------------------------------------+-----
Polearms       | 3 4 5 6 8 10 11 12 14 | 14.5
Armour         | 2 3 4 5 6 7 8 |  8.6
Fighting       | 4 5 6 8 9 11 | 11.4
Dodging        | 2 3 |  3.7
Stealth        | 1 |  1.7
Bows           | 1 |  1.6
Evocations     | |  0.8

Action                   |  1- 3 |  4- 6 |  7- 9 | 10-12 | 13-15 || total
-------------------------+-------+-------+-------+-------+-------++-------
Melee: Spear             |   127 |   178 |   242 |       |       ||   547
       Kick              |    15 |    28 |    78 |   165 |    19 ||   305
       Trident           |       |       |   118 |   556 |       ||   674
       Glaive            |       |       |       |    14 |    79 ||    93
 Fire: Shortbow          |       |       |       |     2 |       ||     2
       Longbow           |       |       |       |       |     8 ||     8
Invok: Berserk           |       |       |     5 |    12 |       ||    17
       Trog's Hand       |       |       |       |       |     2 ||     2
Evoke: Phial of floods   |       |       |       |       |     1 ||     1
  Use: Potion            |       |       |     3 |       |     1 ||     4
       Scroll            |       |       |    10 |     6 |     2 ||    18
  Eat: Chunk             |     1 |     6 |    14 |    25 |     2 ||    48
       Ration            |       |       |     1 |     2 |     1 ||     4
Armor: Animal skin       |     4 |       |       |       |       ||     4
       Scale mail        |    26 |    31 |    78 |       |       ||   135
       Chain mail        |       |       |    22 |   166 |    68 ||   256
Dodge: Dodged            |    35 |    41 |    84 |    85 |    25 ||   270

Table legend:
 A = Non-vault XP
 B = Vault XP
 C = Vault XP percentage of total XP
 D = Non-vault monster count
 E = Vault monster count
 F = Vault count percentage of total count
                 A         B        C        D         E       F
            +---------+---------+-------+---------+---------+-------
      Total |   34491 |   12755 |  27.0 |     403 |      41 |   9.2
            +---------+---------+-------+---------+---------+-------
        D:1 |      35 |       0 |   0.0 |      21 |       0 |   0.0
        D:2 |     149 |      36 |  19.5 |      28 |       1 |   3.4
        D:3 |     102 |      12 |  10.5 |      27 |       4 |  12.9
        D:4 |     497 |       0 |   0.0 |      29 |       0 |   0.0
        D:5 |     513 |     498 |  49.3 |      15 |      13 |  46.4
        D:6 |     607 |       0 |   0.0 |      16 |       0 |   0.0
        D:7 |    1081 |     445 |  29.2 |      29 |       1 |   3.3
        D:8 |    1297 |     664 |  33.9 |      38 |       2 |   5.0
        D:9 |    3035 |     566 |  15.7 |      29 |       2 |   6.5
       D:10 |    3353 |       0 |   0.0 |      34 |       0 |   0.0
       D:11 |    4985 |       0 |   0.0 |      30 |       0 |   0.0
       D:12 |    5622 |    1558 |  21.7 |      31 |       5 |  13.9
       D:13 |    5657 |    1259 |  18.2 |      39 |       2 |   4.9
       D:14 |    7558 |    7470 |  49.7 |      37 |      10 |  21.3
       D:15 |       0 |     247 | 100.0 |       0 |       1 | 100.0
            +---------+---------+-------+---------+---------+-------
